 Dungeon Crawl Stone Soup version 0.29-a0-100-g60f898f876 (webtiles) character file.

Game seed: 1394764014991918973

55 pokeman the Magician (level 3, 0/20 HPs)
             Began as a Deep Elf Hedge Wizard on Feb 14, 2022.
             Slain by an orc priest (2 damage)
             ... on level 3 of the Dungeon.
             The game lasted 00:03:24 (1849 turns).

pokeman the Magician (Deep Elf Hedge Wizard)        Turns: 1849, Time: 00:03:26

Health: 0/20       AC:  2    Str:  7    XL:     3   Next: 67%
Magic:  2/11       EV: 12    Int: 20    God:
Gold:   33         SH:  0    Dex: 14    Spells: 1/12 levels left

rFire   . . .      SeeInvis .   l - +1 dagger (venom)
rCold   . . .      Faith    .   (no shield)
rNeg    . . .      Spirit   .   b - +0 robe
rPois   .          Reflect  .   c - +0 hat
rElec   .          Harm     .   (no cloak)
rCorr   .          Rampage  .   (no gloves)
Will    .....                   (no boots)
Stlth   ++........              (no amulet)
HPRegen 0.06/turn               (no ring)
MPRegen 0.12/turn               (no ring)

@: very slightly contaminated
A: no striking features
a: no special abilities


You were on level 3 of the Dungeon.
You visited 1 branch of the dungeon, and saw 3 of its levels.

You collected 145 gold pieces.
You spent 112 gold pieces at shops.

Inventory:

Hand Weapons
 l - a +1 dagger of venom (weapon)
Missiles
 g - 45 arrows
Armour
 b - a +0 robe (worn)
 c - a +0 hat (worn)
Scrolls
 a - a scroll of fog {unknown}
 h - a scroll of teleportation {unknown}
 k - a scroll of vulnerability {unknown}
 n - a scroll of silence {unknown}
 o - a scroll of identify {unknown}
Potions
 d - a potion of degeneration {unknown}
 e - 4 potions of curing
 f - a potion of haste {unknown}
 i - 2 potions of ambrosia {unknown}
 j - a potion of brilliance {unknown}
 m - 2 potions of heal wounds


   Skills:
 + Level 1.0 Fighting
 + Level 1.0 Armour
 - Level 2.4 Dodging
 - Level 2.4 Stealth
 * Level 5.3 Spellcasting
 + Level 1.9 Conjurations
 - Level 1.1 Summonings
 - Level 1.1 Translocations


You had one spell level left.
You knew the following spells:

 Your Spells              Type           Power      Damage    Failure   Level
a - Magic Dart            Conj           52%        1d5       4%          1
b - Mephitic Cloud        Conj/Pois/Air  8%         N/A       26%         3
c - Call Imp              Summ           9%         N/A       11%         2
d - Blink                 Tloc           18%        N/A       11%         2
e - Conjure Flame         Conj/Fire      9%         6-21      22%         3

Your spell library contained the following spells:

 Spells                   Type           Power      Damage    Failure   Level
 Slow                     Hex            20%        N/A       11%         1
 Lesser Beckoning         Tloc           9%         N/A       22%         3
 Manifold Assault         Tloc           9%         N/A       89%         5


Dungeon Overview and Level Annotations

Branches:
Dungeon (3/15)

Altars:
Cheibriados

Shops:
D:2 =!

Annotations:
D:3 Ijyb


Message History

The orc wizard hits you with a +0 dagger.
The orc wizard hits itself with a +0 dagger.
The orc wizard is killed!
Your Fighting skill increases to level 1!
Your Armour skill increases to level 1!
Casting: Mephitic Cloud (extremely dangerous; 26% risk of failure)
Confirm with . or Enter, or press ? or * to list all spells.
The spell is extremely dangerous to miscast (26% risk of failure)!
Continue anyway?
Aiming: Mephitic Cloud (extremely dangerous; 26% risk of failure)
Press: ? - help, Shift-Dir - straight line, f - orc priest
Aim: an orc priest, wielding a +0 mace (chance to affect: 86%) That beam is likely to hit you.
Continue anyway?
The ball explodes into a vile cloud!
The stinking cloud engulfs the orc priest but does no damage.
The stinking cloud engulfs you but does no damage.
You hear an angry hiss.
You hear a shout! x2
Ijyb the Twisted Goblin comes into view.
She is wielding a +0 dagger and carrying a wand of flame (18).
Unknown command.
Unknown command.
You closely miss the orc priest.
The orc priest is engulfed in noxious fumes.
The orc priest hits you with a +0 mace.
Unknown command.
Ijyb shouts!
You hit the orc priest but do no damage.
The orc priest is engulfed in noxious fumes.
The orc priest appears confused.
The orc priest asks, "Where am I?"
The orc priest hits you with a +0 mace!
* * * LOW HITPOINT WARNING * * *
A goblin comes into view. It is wielding a +0 dagger.
Casting: Mephitic Cloud (extremely dangerous; 26% risk of failure)
Confirm with . or Enter, or press ? or * to list all spells.
The spell is extremely dangerous to miscast (22% risk of failure)!
Continue anyway?
You miscast Conjure Flame.
You are very lightly contaminated with residual magic.
Flames sear your flesh.
* * * LOW HITPOINT WARNING * * *
The orc priest hits you with a +0 mace.
You die...

######### ##...#.).##
##.........#######.
#.................[
#.....[.....#######
###...........#
#####..).........########.
#.........................
#..<..##########@######...
###...# #.ogg.# #.#.#
#####.# #..... ....
###.##. #.#### #.# .# ..
#.. . #.. .o# ...


You could see Ijyb, an orc priest (confused) and a goblin.

Vanquished Creatures
  An orc wizard (D:3)
  A dart slug (D:2)
  6 ball pythons
  3 endoplasms
  A giant cockroach (D:2)
  2 goblins
  2 quokkas (D:2)
  5 frilled lizards
  6 kobolds
27 creatures vanquished.

Vanquished Creatures (others)
  A fungus (D:1)
1 creature vanquished.

Grand Total: 28 creatures vanquished

Notes
Turn   | Place    | Note
-------+----------+-------------------------------------------
     0 | D:1      | pokeman the Deep Elf Hedge Wizard began the quest for the
                  | Orb.
     0 | D:1      | Reached XP level 1. HP: 10/10 MP: 7/7
   119 | D:1      | Found a faded altar of an unknown god.
   682 | D:2      | Found Heshurgho's Jewellery Emporium.
   690 | D:2      | Found a snail-covered altar of Cheibriados.
   751 | D:2      | Reached XP level 2. HP: 16/16 MP: 5/9
  1227 | D:2      | Found Iget's Distillery.
  1235 | D:2      | Bought a potion of curing for 42 gold pieces
  1235 | D:2      | Bought a potion of heal wounds for 70 gold pieces
  1473 | D:2      | Reached skill level 5 in Spellcasting
  1792 | D:3      | Reached XP level 3. HP: 20/20 MP: 9/11
  1796 | D:3      | Learned a level 3 spell: Mephitic Cloud
  1799 | D:3      | Learned a level 2 spell: Call Imp
  1802 | D:3      | Learned a level 2 spell: Blink
  1806 | D:3      | Learned a level 3 spell: Conjure Flame
  1846 | D:3      | Reached skill level 1 in Fighting
  1846 | D:3      | Reached skill level 1 in Armour
  1846 | D:3      | Noticed Ijyb
  1849 | D:3      | Slain by an orc priest

Illustrated notes

Levels and vault maps discovered:
D:1:      saegor_arrival_under_anarchy, layout_rooms,
          shapermc_ecumenical_altar_mp_urbaneastern
D:2:      layout_loops_ring, basic_altar, serial_shops,
          nicolae_shop_advertising_works [nicolae_subvault_shop_adworks],
          nicolae_square_shop, kennysheep_generic_room_5
D:3:      layout_rooms, supply_closet_lemuel, solitary_fountain,
          minmay_misc_feat_secret_circle, nrook_loot_triangle,
          kennysheep_generic_room_2, uniq_sigmund, uniq_ijyb

Skill      XL: |  1  2  3 |
---------------+----------+-----
Spellcasting   | 5 |  5.3
Fighting       | 1 |  1.0
Armour         | 1 |  1.0
Dodging        | |  2.4
Stealth        | |  2.4
Conjurations   | |  1.9
Summonings     | |  1.1
Translocations | |  1.1

Action                   || total
-------------------------++-------
Melee: Dagger            ||     9
 Cast: Magic Dart        ||    58
       Mephitic Cloud    ||     2
 Stab: Confused          ||     1
Armor: Robe              ||     1
Dodge: Dodged            ||     3

Table legend: (Time is in decaauts)
 A = Elapsed time spent in this place.
 B = Non-inter-level travel time spent in this place.
 C = Inter-level travel time spent in this place.
 D = Time resting spent in this place.
 E = Time spent auto-exploring this place.
 F = Levels seen in this place.
 G = Mean time per level.
                   A        B        C        D        E       F      G
               +--------+--------+--------+--------+--------+-----+--------+
         Total |   1848 |   1805 |     43 |      4 |   1623 |   3 |  616.0 |
       Dungeon |   1848 |   1805 |     43 |      4 |   1623 |   3 |  616.0 |
               +--------+--------+--------+--------+--------+-----+--------+

Top non-repeatable levels by time:
     D:2: 1123 daAuts
     D:1: 662 daAuts
     D:3: 62 daAuts
